AoeStats
← decity

Black Forest

505646281Analyzed
1v1 RM · 21d ago on Sep 10, 2026· 49m 16s· 2 players
Game mode
Random Map
Map size
Tiny (2 player)
Population
200
Speed
Normal
Resources
Standard
Victory
Conquest
Starting age
Dark Age
Ending age
Imperial Age
RankedLock teamsTeams togetherTeam positionsShared explorationLock speedFull tech treeHidden civsTurbo modeCheats
Victory
Defeat
🇭🇰 Teutons · Hong Kong SAR China
665
+17
🇮🇹 Chinese · Italy
692
-17
o()o
0:42 Loom
10:54 Feudal Age
14:27 Castle Age
13:32 Double-Bit Axe
14:24 Horse Collar
20:01 Heavy Plow
20:43 Bow Saw
21:40 Stone Mining
22:12 Fletching
22:56 Gold Mining
23:14 Town Watch
24:16 Ballistics
26:18 Wheelbarrow
26:41 Town Patrol
27:46 Stone Shaft Mining
29:33 Hand Cart
29:57 Redemption
29:58 Fervor
30:08 Sanctity
29:49 Atonement
32:45 Imperial Age
30:33 Bodkin Arrow
31:01 Ironclad
31:13 Masonry
32:12 Guard Tower
33:03 Devotion
33:44 Block Printing
34:05 Theocracy
33:56 Illumination
34:36 Chemistry
33:47 Guilds
34:39 Two-Man Saw
34:12 Crop Rotation
33:09 Onager
34:40 Siege Onager
35:29 Siege Engineers
35:48 Conscription
37:05 Bombard Tower
37:51 Bombard Tower
39:08 Arrowslits
42:27 Keep
44:01 Crenellations
44:19 Hoardings
47:15 Scale Mail Armor
47:26 Forging
47:16 Scale Mail Armor
47:36 Fortified Wall
48:15 Pikeman
48:41 Arson
48:56 Squires
48:48 Halberdier
decity
0:30 Loom
11:21 Feudal Age
12:04 Double-Bit Axe
16:53 Gold Mining
20:41 Castle Age
20:04 Stone Mining
21:41 Bow Saw
22:16 Stone Shaft Mining
22:17 Gold Shaft Mining
22:06 Horse Collar
22:17 Elite Skirmisher
22:19 Pikeman
23:00 Squires
25:26 Heavy Plow
29:50 Wheelbarrow
33:43 Imperial Age
34:24 Hand Cart
33:55 Town Watch
34:30 Halberdier
34:32 Elite Fire Lancer
35:20 Thumb Ring
35:09 Fletching
35:19 Padded Archer Armor
35:20 Scale Mail Armor
36:33 Ballistics
37:13 Chemistry
36:25 Fortified Wall
36:19 Town Patrol
38:31 Elite Chu Ko Nu
39:29 Murder Holes
39:46 Masonry
39:12 Capped Ram
42:31 Chain Mail Armor
42:31 Leather Archer Armor
42:12 Bodkin Arrow
42:27 Forging
42:54 Light Cavalry
43:47 Bloodlines
43:40 Husbandry
45:19 Bracer
45:50 Ring Archer Armor
45:50 Plate Mail Armor
46:09 Iron Casting
46:06 Scale Barding Armor
46:50 Cavalier
Connection lost

Rejoining the realm…

Still unreachable

The connection could not be restored.

Session expired

The server has moved on; the page needs a fresh start.